AoeStats
← Enkidu

Nomad

510117617Analyzed
4v4 RM · 4d ago on Sep 29, 2026· 51m 33s· 8 players
Game mode
Random Map
Map size
231×231
Population
200
Speed
Normal
Resources
Standard
Victory
Conquest
Starting age
Dark Age
Ending age
Imperial Age
RankedLock teamsTeams togetherTeam positionsShared explorationLock speedFull tech treeHidden civsTurbo modeCheats
Victory
Defeat
🇪🇸 Lithuanians · Spain
1159
+18
🇹🇷 Persians · Türkiye
1139
+19
🇭🇰 Maya · Hong Kong SAR China
1111
+20
🇦🇹 Persians · Austria
1088
+21
🇨🇳 Huns · China
1266
-23
🇨🇳 Varangians · China
1196
-19
1168
-18
1155
-18
Nicolass
15:15 Feudal Age
14:44 Loom
17:25 Double-Bit Axe
20:37 Castle Age
22:12 Forging
27:12 Scale Barding Armor
38:04 Imperial Age
38:53 Iron Casting
38:56 Bloodlines
38:43 Cavalier
41:07 Chain Barding Armor
44:42 Paladin
47:05 Plate Barding Armor
48:07 Gold Mining
Roxxy uG
15:42 Feudal Age
16:34 Town Watch
16:49 Double-Bit Axe
19:33 Castle Age
17:37 Fishing Lines
18:45 Bloodlines
18:52 Forging
18:48 Scale Barding Armor
19:41 Wheelbarrow
18:51 Loom
20:52 Gold Mining
20:25 Light Cavalry
21:18 Husbandry
22:25 Bow Saw
22:12 Pikeman
23:28 Squires
23:14 Gambesons
24:55 Man-at-Arms
26:31 Gold Shaft Mining
25:47 Stone Mining
25:36 Long Swordsman
26:21 Scale Mail Armor
28:05 Horse Collar
29:40 Chain Mail Armor
34:50 Iron Casting
39:36 Imperial Age
39:44 Hand Cart
39:29 Town Patrol
39:33 Gillnets
41:47 Arson
44:23 Blast Furnace
44:01 Plate Mail Armor
45:24 Heavy Plow
46:46 Halberdier
49:53 Hussar
51:56 Padded Archer Armor
Enkidu
13:25 Feudal Age
13:59 Double-Bit Axe
14:07 Loom
16:19 Fishing Lines
19:08 Castle Age
17:45 Fishing Lines
18:49 Stone Mining
18:49 Gold Mining
20:48 Bow Saw
21:02 Gillnets
22:24 Bloodlines
24:01 Fletching
39:58 Wheelbarrow
43:19 Scale Barding Armor
44:05 Hand Cart
44:58 Town Watch
48:28 Imperial Age
46:34 Forging
47:59 Husbandry
48:22 Chain Barding Armor
48:38 Iron Casting
49:34 Stone Shaft Mining
49:34 Gold Shaft Mining
49:50 Plate Barding Armor
49:40 Conscription
51:40 Blast Furnace
50:18 Elite War Elephant
52:55 Two-Man Saw
cat 20226456
4:00 Loom
13:36 Feudal Age
15:28 Double-Bit Axe
18:12 Castle Age
16:08 Horse Collar
22:06 Wheelbarrow
21:39 Gold Mining
27:44 Heavy Plow
28:37 Bow Saw
33:48 Eagle Warrior
34:29 Squires
34:14 Arson
34:27 Fletching
34:38 Scale Mail Armor
34:35 Treadmill Crane
35:41 Hand Cart
35:11 Town Watch
36:38 Chain Mail Armor
40:20 Imperial Age
37:37 Town Watch
38:21 Stone Mining
39:48 Ballistics
39:53 Forging
39:38 Bodkin Arrow
41:26 Conscription
41:06 Pikeman
42:19 Plate Mail Armor
42:25 Iron Casting
44:04 Chemistry
44:22 Halberdier
44:29 Elite Eagle Warrior
46:47 Holcans
47:06 Hul'che Javelineers
47:10 Bracer
47:12 Padded Archer Armor
48:13 Blast Furnace
48:31 Thumb Ring
47:47 Elite Skirmisher
49:06 Stone Shaft Mining
左拳伤害高 右拳高伤害
3:07 Loom
14:58 Feudal Age
16:07 Double-Bit Axe
17:50 Stone Mining
18:26 Horse Collar
20:59 Castle Age
22:00 Stone Mining
26:41 Fletching
微辣十三香
4:26 Loom
13:29 Feudal Age
14:11 Horse Collar
17:01 Castle Age
16:08 Double-Bit Axe
16:43 Scale Mail Armor
16:55 Forging
16:58 Fishing Lines
18:02 Squires
17:49 Arson
20:41 Wheelbarrow
23:37 Town Watch
23:54 Gillnets
24:46 Chain Mail Armor
29:15 Iron Casting
33:20 Bow Saw
34:06 Heavy Plow
35:46 Hand Cart
38:33 Bloodlines
38:23 Husbandry
38:52 Gambesons
43:57 Imperial Age
41:40 Husbandry
41:12 Vendel Legacy
43:01 Gold Mining
43:41 Stone Mining
44:13 Scale Barding Armor
44:49 Cavalier
47:16 Chain Barding Armor
47:56 Blast Furnace
48:02 Blast Furnace
48:19 Conscription
懒羊羊<爱睡懒觉版>
8:02 Loom
14:14 Feudal Age
17:07 Fletching
20:06 Castle Age
28:13 Bodkin Arrow
28:30 Forging
28:42 Double-Bit Axe
32:34 Ballistics
33:09 Horse Collar
38:18 Imperial Age
35:59 Gold Mining
37:06 Padded Archer Armor
37:42 Iron Casting
38:26 Leather Archer Armor
41:09 Bracer
42:10 Blast Furnace
45:00 Elite Elephant Archer
46:59 Man-at-Arms
47:41 Long Swordsman
48:27 Scale Mail Armor
48:35 Gambesons
48:25 Two-Handed Swordsman
49:12 Squires
49:32 Chain Mail Armor
49:21 Champion
王炸炸
3:26 Loom
14:44 Feudal Age
19:11 Castle Age
18:08 Bloodlines
18:03 Double-Bit Axe
18:31 Bloodlines
18:55 Scale Barding Armor
33:23 Horse Collar
40:37 Husbandry
50:31 Imperial Age
48:01 Fletching
49:25 Bodkin Arrow
49:31 Padded Archer Armor
Connection lost

Rejoining the realm…

Still unreachable

The connection could not be restored.

Session expired

The server has moved on; the page needs a fresh start.